 Dungeon Crawl Stone Soup version 0.18-a0-844-g9229740 (webtiles) character file.

63 JokEr the Poker (level 4, -1/34 HPs)
             Began as a Merfolk Skald on Dec 18, 2015.
             Slain by Terence
             ... wielding a +0 mace
              (7 damage)
             ... on level 2 of the Dungeon.
             The game lasted 00:04:39 (1894 turns).

JokEr the Poker (Merfolk Skald)                     Turns: 1894, Time: 00:04:39

Health: -1/34      AC:  3    Str: 12    XL:     4   Next: 10%
Magic:  4/7        EV: 11    Int: 12    God:
Gold:   15         SH:  0    Dex: 13    Spells: 1 memorised, 6 levels left

rFire  . . .     SeeInvis .     a - +1 spear
rCold  . . .     Gourm    .     b - +0 leather armour
rNeg   . . .     Faith    .     (no shield)
rPois  .         Spirit   .     (no helmet)
rElec  .         Dismiss  .     (no cloak)
rCorr  .         Reflect  .     (no gloves)
SustAt .         Harm     .     (no boots)
MR     .....                    (no amulet)
Stlth  +.........               (no ring)
                                (no ring)

@: infused, not resistant to hostile enchantments, very unstealthy
A: change form in water, swift swim
a: no special abilities


You were on level 2 of the Dungeon.
You were not hungry.

You visited 1 branch of the dungeon, and saw 2 of its levels.

You collected 15 gold pieces.

Inventory:

Hand Weapons
 a - a +1 spear (weapon)
Armour
 b - a +0 leather armour (worn)
 i - a +0 scale mail
Scrolls
 d - a scroll of fear {unknown}
 f - a scroll of amnesia {unknown}
 h - a scroll of enchant armour {unknown}
 k - a scroll of enchant weapon
Potions
 e - a potion of heal wounds {unknown}
 g - a potion of cancellation {unknown}
 j - a potion of cure mutation {unknown}
Books
 c - a book of Battle

   Spells                             Type                      Level
   a - Infusion                       Charms                       1
   b - Shroud of Golubria             Charms/Translocation         2
   c - Song of Slaying                Charms                       2
   d - Spectral Weapon                Hexes/Charms                 3
   e - Regeneration                   Charms/Necromancy            3


   Skills:
 + Level 2.9 Fighting
 + Level 4.6 Polearms
 - Level 0.6 Armour
 - Level 1.3 Dodging
 - Level 2.0 Spellcasting
 + Level 4.1 Charms


You had 6 spell levels left.
You knew the following spells:

 Your Spells              Type           Power        Failure   Level  Hunger
a - Infusion              Chrm           ##....       8%          1    ##.....


Dungeon Overview and Level Annotations

Branches:
Dungeon (2/15)

Altars:
Xom

Annotations:
D:2 Terence


Message History

No target in view!
Terence the Incautious comes into view.
He is wielding a mace.
Terence is nearby!
Terence zaps a wand.
The puff of frost hits you!
It is a wand of frost.
Terence zaps a wand.
The puff of frost hits you!
Casting: Infusion
Confirm with . or Enter, or press ? or * to list all spells.
You extend your infusion's duration.
Terence closely misses you.
You closely miss Terence. You hit Terence.
Terence is lightly wounded.
Terence zaps a wand.
The puff of frost hits you!
You completely miss Terence.
Terence is lightly wounded.
Terence zaps a wand.
The puff of frost hits you!
* * * LOW HITPOINT WARNING * * *
You hit Terence.
Terence is moderately wounded.
Terence hits you with a mace!
You die...

#...........###..##..............
#.#####.#.#####..##.##########.##
#....##.#.#.............# #.#
####.##.#(#§#######.###.# #.#
####.##.#.#5.h....#.# #.# #.#
...#....#.#######.#.# #.#### #.#
##.######.#.......#.###....###.#
#.# #.#.#..@..#.....(...##.# #.#
#.#.#.##@#########..##.#
#.######.#.#.##........ #..#
##......#.#.#@########## #..#
..#####.#.#.#.# #..#
#.#.....#.#.#.# #..#####
#.#.###.#.#.#.# #....... #.#.#
#.#.#.#. #...#### #†#†# #...#.#
#...# #.#.# #.###.# ###.#


You could see Terence.

Vanquished Creatures
  Natasha (D:2)
  An adder (D:2)
  An ooze (D:1)
  5 bats
  2 giant cockroaches (D:2)
  3 hobgoblins
  4 jackals (D:1)
  4 giant newts (D:2)
  2 goblins (D:1)
  2 kobolds (D:1)
  4 rats
29 creatures vanquished.

Notes
Turn   | Place    | Note
--------------------------------------------------------------
     0 | D:1      | JokEr the Merfolk Skald began the quest for the Orb.
     0 | D:1      | Reached XP level 1. HP: 16/16 MP: 3/3
    83 | D:1      | Reached XP level 2. HP: 20/23 MP: 0/5
  1188 | D:2      | Reached XP level 3. HP: 28/28 MP: 1/6
  1195 | D:2      | Reached skill level 4 in Polearms
  1343 | D:2      | Noticed Natasha
  1369 | D:2      | Killed Natasha
  1369 | D:2      | Reached XP level 4. HP: 18/34 MP: 2/7
  1567 | D:2      | Found a shimmering altar of Xom.
  1881 | D:2      | Noticed Terence
  1894 | D:2      | Slain by Terence

Vault maps used:
D:1:      matt_arrival_grand_opening, minmay_misc_feat_plants,
          serial_bayou_crossing
D:2:      lemuel_round_altar, lemuel_doored_altar, uniq_natasha, uniq_jessica,
          uniq_terence

Action                   |  1- 3 |  4- 6 || total
-------------------------+-------+-------++-------
Melee: Spear             |    81 |    17 ||    98
 Cast: Infusion          |    13 |     5 ||    18
  Use: Scroll            |     3 |       ||     3
 Stab: Sleeping          |     2 |     1 ||     3
  Eat: Bread ration      |       |     1 ||     1
